NCAA
CINCINNATI BEARCATS @ ALABAMA CRIMSON TIDE
05/14/2025
 
TOP OF THE 1ST
Cincinnati Bearcats batting - Pitching for Alabama Crimson Tide : RHP Claude Cunningham
Pitching: RHP Claude Cunningham
Batting: RHB Chris Taylor 0-0: SINGLE (Flyball, 8LS)
Batting: SHB Tom Johnson 0-0: Ball
1-0: 2-RUN HOME RUN (Flyball, 9D), Distance : 348 ft
Batting: SHB Mathew Olson 0-0: Ball
1-0: Foul Ball, location: 2F
1-1: Called Strike
1-2: DOUBLE (Line Drive, 7LS)
Batting: RHB Bill Russell 0-0: Foul Ball, location: 2F
0-1: Fly out, F9 (Flyball, 9LSF)
Batting: RHB Roberto Villela 0-0: Ball
1-0: Swinging Strike
1-1: Swinging Strike
1-2: Foul Ball, location: 2F
1-2: Strikes out swinging
Batting: RHB Dave Richards 0-0: SINGLE (Line Drive, 8LS)
Mathew Olson to third
Batting: RHB Bradley Burns 0-0: Called Strike
0-1: Ball
1-1: Fly out, F8 (Line Drive, 8LM)
Top of the 1st over - 2 run(s), 4 hit(s), 0 error(s), 2 left on base; Cincinnati 2 - Alabama 0
BOTTOM OF THE 1ST
Alabama Crimson Tide batting - Pitching for Cincinnati Bearcats : RHP Ángel Torres
Pitching: RHP Ángel Torres
Batting: SHB Jorge Dávila 0-0: Foul Ball, location: 2F
0-1: Ball
1-1: Called Strike
1-2: Hit by Pitch
Batting: LHB Jorge Cuero 0-0: 2-RUN HOME RUN (Flyball, 8RXD), Distance : 400 ft
Batting: LHB Davey Davis 0-0: Ball
1-0: Called Strike
1-1: Swinging Strike
1-2: Strikes out swinging, 2-3 out at first.
Batting: RHB Bob Johnson 0-0: SOLO HOME RUN (Flyball, 7D), Distance : 356 ft
Batting: LHB Fred Abrams 0-0: Called Strike
0-1: Ball
1-1: TRIPLE (Flyball, 89XD)
Batting: RHB Stephen Nava 0-0: Fly out, F8 (Flyball, 8RM)
Runner from 3rd tags up, SCORES, throw made
Batting: RHB Curt Marks 0-0: Ball
1-0: Called Strike
1-1: Called Strike
1-2: Ball
2-2: Strikes out looking
Bottom of the 1st over - 4 run(s), 3 hit(s), 0 error(s), 0 left on base; Cincinnati 2 - Alabama 4
TOP OF THE 2ND
Cincinnati Bearcats batting - Pitching for Alabama Crimson Tide : RHP Claude Cunningham
Batting: RHB Cipriano Baca 0-0: Ball
1-0: DOUBLE (Flyball, 78M)
Batting: RHB Dave Jackson 0-0: Ball
1-0: Fly out, F2 (Popup, 2LF)
Batting: RHB Chris Taylor 0-0: Ball
1-0: Ball
2-0: Ball
3-0: Called Strike
3-1: Foul Ball, location: 2F
3-2: Fly out, F3 (Popup, 3F)
Batting: SHB Tom Johnson 0-0: Ball
1-0: Fly out, F9 (Flyball, 9LS)
Top of the 2nd over - 0 run(s), 1 hit(s), 0 error(s), 1 left on base; Cincinnati 2 - Alabama 4
BOTTOM OF THE 2ND
Alabama Crimson Tide batting - Pitching for Cincinnati Bearcats : RHP Ángel Torres
Batting: LHB Clayton Bailey 0-0: Foul Ball, location: 2F
0-1: Ball
1-1: Ball
2-1: SOLO HOME RUN (Line Drive, 9D), Distance : 352 ft
Batting: RHB Paco González 0-0: Ball
1-0: Ball
2-0: Ball
3-0: Base on Balls
Batting: SHB Jorge Dávila 0-0: Ball
1-0: Called Strike
1-1: Called Strike
1-2: Strikes out swinging
Batting: LHB Jorge Cuero 0-0: SINGLE (Groundball, 4S)
Paco González to second
Batting: LHB Davey Davis 0-0: SINGLE (Groundball, 34)
Paco González to third
Jorge Cuero to second
Batting: RHB Bob Johnson 0-0: Reached on error, E5 (Groundball, 56)
Paco González scores
Jorge Cuero to third
Davey Davis to second
Batting: LHB Fred Abrams 0-0: Foul Ball, location: 2F
0-1: Foul Ball, location: 2F
0-2: Ball
1-2: Strikes out swinging
Batting: RHB Stephen Nava 0-0: Ball
1-0: Ball
2-0: Ball
3-0: Base on Balls
Jorge Cuero scores
Davey Davis to third
Bob Johnson to second
Batting: RHB Curt Marks 0-0: Ground out 5-3 (Groundball, 5)
Bottom of the 2nd over - 3 run(s), 3 hit(s), 1 error(s), 3 left on base; Cincinnati 2 - Alabama 7
TOP OF THE 3RD
Cincinnati Bearcats batting - Pitching for Alabama Crimson Tide : RHP Claude Cunningham
Batting: SHB Mathew Olson 0-0: Ball
1-0: Foul Ball, location: 2F
1-1: Ball
2-1: SINGLE (Groundball, 4M)
Batting: RHB Bill Russell 0-0: Foul Ball, location: 2F
0-1: Foul Ball, location: 2F
0-2: Ball
1-2: Strikes out looking
Batting: RHB Roberto Villela 0-0: Called Strike
0-1: Swinging Strike
0-2: Strikes out swinging
Batting: RHB Dave Richards 0-0: Ball
1-0: Ball
2-0: Ball
3-0: Called Strike
3-1: Base on Balls
Mathew Olson to second
Batting: RHB Bradley Burns 0-0: Ball
1-0: Fly out, F7 (Line Drive, 7M)
Top of the 3rd over - 0 run(s), 1 hit(s), 0 error(s), 2 left on base; Cincinnati 2 - Alabama 7
BOTTOM OF THE 3RD
Alabama Crimson Tide batting - Pitching for Cincinnati Bearcats : RHP Ángel Torres
Batting: LHB Clayton Bailey 0-0: Foul Ball, location: 2F
0-1: Ball
1-1: Foul Ball, location: 2F
1-2: Fly out, F5 (Popup, 5F)
Batting: RHB Paco González 0-0: Foul Ball, location: 2F
0-1: Swinging Strike
0-2: Ball
1-2: Foul Ball, location: 2F
1-2: Fly out, F9 (Flyball, 9M)
Batting: SHB Jorge Dávila 0-0: Ball
1-0: Called Strike
1-1: Ball
2-1: Swinging Strike
2-2: Foul Ball, location: 2F
2-2: Foul Ball, location: 2F
2-2: Ball
3-2: Strikes out looking
Bottom of the 3rd over - 0 run(s), 0 hit(s), 0 error(s), 0 left on base; Cincinnati 2 - Alabama 7
TOP OF THE 4TH
Cincinnati Bearcats batting - Pitching for Alabama Crimson Tide : RHP Claude Cunningham
Batting: RHB Cipriano Baca 0-0: Ball
1-0: Ball
2-0: SINGLE (Groundball, 4MD)
Batting: RHB Dave Jackson 0-0: Called Strike
0-1: Ball
1-1: Swinging Strike
1-2: Ball
2-2: Foul Ball, location: 2F
2-2: Strikes out swinging
Batting: RHB Chris Taylor 0-0: Ball
1-0: Swinging Strike
1-1: Foul Ball, location: 2F
1-2: Foul Ball, location: 2F
1-2: Ball
2-2: Ground out 6-3 (Groundball, 6)
Cipriano Baca to second
Batting: SHB Tom Johnson 0-0: Ball
1-0: Ball
2-0: Ground out U3 (Groundball, 3L)
Top of the 4th over - 0 run(s), 1 hit(s), 0 error(s), 1 left on base; Cincinnati 2 - Alabama 7
BOTTOM OF THE 4TH
Alabama Crimson Tide batting - Pitching for Cincinnati Bearcats : RHP Ángel Torres
Batting: LHB Jorge Cuero 0-0: Ball
1-0: Called Strike
1-1: Foul Ball, location: 2F
1-2: Ball
2-2: Foul Ball, location: 2F
2-2: Fly out, F9 (Flyball, 89M)
Batting: LHB Davey Davis 0-0: Ball
1-0: SINGLE (Line Drive, 8LS)
Batting: RHB Bob Johnson 0-0: Grounds into double play, 6-4-3 (Groundball, 6)
Bottom of the 4th over - 0 run(s), 1 hit(s), 0 error(s), 0 left on base; Cincinnati 2 - Alabama 7
TOP OF THE 5TH
Cincinnati Bearcats batting - Pitching for Alabama Crimson Tide : RHP Claude Cunningham
Batting: SHB Mathew Olson 0-0: SINGLE (Flyball, 4MD)
Batting: RHB Bill Russell 0-0: Ball
1-0: Fly out, F9 (Flyball, 89S)
Batting: RHB Roberto Villela 0-0: Fly out, F8 (Flyball, 8RS)
Batting: RHB Dave Richards 0-0: Ball
1-0: Ball
2-0: Called Strike
2-1: Called Strike
2-2: Ball
3-2: Base on Balls
Mathew Olson to second
Batting: RHB Bradley Burns 0-0: Called Strike
0-1: 3-RUN HOME RUN (Flyball, 7D), Distance : 353 ft
Batting: RHB Cipriano Baca 0-0: Bunted foul
0-1: Swinging Strike
0-2: Strikes out swinging
Top of the 5th over - 3 run(s), 2 hit(s), 0 error(s), 0 left on base; Cincinnati 5 - Alabama 7
BOTTOM OF THE 5TH
Alabama Crimson Tide batting - Pitching for Cincinnati Bearcats : RHP Ángel Torres
Batting: LHB Fred Abrams 0-0: Called Strike
0-1: SINGLE (Groundball, 5D)
Batting: RHB Stephen Nava 0-0: Ball
1-0: SINGLE (Groundball, 56D)
Fred Abrams to second
Batting: RHB Curt Marks 0-0: Ground out U3 (Groundball, 3S)
Fred Abrams to third
Stephen Nava to second
Batting: LHB Clayton Bailey 0-0: Ball
1-0: Ball
2-0: Foul Ball, location: 2F
2-1: Ball
3-1: Base on Balls
Batting: RHB Paco González 0-0: Called Strike
0-1: SINGLE (Flyball, 78M)
Fred Abrams scores
Stephen Nava to third
Clayton Bailey to second
Runner from 3rd tries for Home, SAFE, throw made home
Pitching: RHP Will Robinson
Batting: SHB Jorge Dávila 0-0: Called Strike
0-1: Foul Ball, location: 2F
0-2: Ball
1-2: Foul Ball, location: 2F
1-2: Fly out, F6 (Popup, 6D)
Batting: LHB Jorge Cuero 0-0: Swinging Strike
0-1: Ball
1-1: Ball
2-1: Ball
3-1: Base on Balls
Clayton Bailey to third
Paco González to second
Batting: LHB Davey Davis 0-0: Ball
1-0: Ball
2-0: Called Strike
2-1: Foul Ball, location: 2F
2-2: Ball
3-2: Foul Ball, location: 2F
3-2: Base on Balls
Clayton Bailey scores
Paco González to third
Jorge Cuero to second
Batting: RHB Bob Johnson 0-0: Fly out, F8 (Flyball, 8RM)
Bottom of the 5th over - 3 run(s), 3 hit(s), 0 error(s), 3 left on base; Cincinnati 5 - Alabama 10
TOP OF THE 6TH
Cincinnati Bearcats batting - Pitching for Alabama Crimson Tide : RHP Claude Cunningham
Pitching: RHP Don Camp
Batting: RHB Dave Jackson 0-0: Called Strike
0-1: Called Strike
0-2: Ball
1-2: Ball
2-2: Ball
3-2: Foul Ball, location: 2F
3-2: Strikes out swinging
Batting: RHB Chris Taylor 0-0: Foul Ball, location: 2F
0-1: Ground out 6-3 (Groundball, 6M)
Batting: SHB Tom Johnson 0-0: Ball
1-0: Called Strike
1-1: Called Strike
1-2: Strikes out swinging
Top of the 6th over - 0 run(s), 0 hit(s), 0 error(s), 0 left on base; Cincinnati 5 - Alabama 10
BOTTOM OF THE 6TH
Alabama Crimson Tide batting - Pitching for Cincinnati Bearcats : RHP Will Robinson
Batting: LHB Fred Abrams 0-0: Ground out 4-3 (Groundball, 4)
Batting: RHB Stephen Nava 0-0: Called Strike
0-1: Called Strike
0-2: Ball
1-2: DOUBLE (Flyball, 8LXD)
Batting: RHB Curt Marks 0-0: Ball
1-0: SINGLE (Groundball, 6)
Stephen Nava to third
Batting: LHB Clayton Bailey 0-0: Ball
1-0: Fly out, F7 (Line Drive, 7D)
Runner from 3rd tags up, SCORES, no throw
Batting: RHB Paco González 0-0: Ball
Curt Marks is caught stealing 2nd base
Bottom of the 6th over - 1 run(s), 2 hit(s), 0 error(s), 0 left on base; Cincinnati 5 - Alabama 11
TOP OF THE 7TH
Cincinnati Bearcats batting - Pitching for Alabama Crimson Tide : RHP Don Camp
Batting: SHB Mathew Olson 0-0: Called Strike
0-1: Swinging Strike
0-2: Strikes out swinging
Batting: RHB Bill Russell 0-0: Called Strike
0-1: Foul Ball, location: 2F
0-2: Ball
1-2: Fly out, F9 (Flyball, 9D)
Batting: RHB Roberto Villela 0-0: Swinging Strike
0-1: Foul Ball, location: 2F
0-2: Strikes out looking
Top of the 7th over - 0 run(s), 0 hit(s), 0 error(s), 0 left on base; Cincinnati 5 - Alabama 11
BOTTOM OF THE 7TH
Alabama Crimson Tide batting - Pitching for Cincinnati Bearcats : RHP Will Robinson
Batting: RHB Paco González 0-0: Ball
1-0: SINGLE (Flyball, 78S)
Batting: SHB Jorge Dávila 0-0: Bunted foul
0-1: Ball
1-1: Sac Bunt - play at first, batter OUT! 1-4
Paco González to second
Pitching: LHP Zack Garrett
Batting: LHB Jorge Cuero 0-0: Called Strike
0-1: Ball
1-1: Swinging Strike
1-2: SINGLE (Line Drive, 89M)
Paco González to third
Batting: LHB Davey Davis 0-0: Ball
Wild Pitch!
Paco González scores
Jorge Cuero to second
1-0: Ball
2-0: Ball
3-0: Base on Balls
Batting: RHB Bob Johnson 0-0: Called Strike
0-1: Foul Ball, location: 2F
0-2: DOUBLE (Groundball, 5D)
Jorge Cuero scores
Davey Davis to third
Batting: LHB Fred Abrams 0-0: Ball
1-0: Ball
2-0: Ball
3-0: Base on Balls
Batting: RHB Stephen Nava 0-0: Swinging Strike
0-1: Called Strike
0-2: Grounds into fielders choice 1-2 (Groundball, 25)
Bob Johnson to third
Fred Abrams to second
Batting: RHB Curt Marks 0-0: Foul Ball, location: 2F
0-1: Ball
1-1: Ball
2-1: Foul Ball, location: 2F
2-2: Strikes out looking
Bottom of the 7th over - 2 run(s), 3 hit(s), 0 error(s), 3 left on base; Cincinnati 5 - Alabama 13
TOP OF THE 8TH
Cincinnati Bearcats batting - Pitching for Alabama Crimson Tide : RHP Don Camp
Pitching: RHP Michael Cole
Now in LF: Greg Grant
Batting: RHB Dave Richards 0-0: Reached on error, E6 (Groundball, 6)
Batting: RHB Bradley Burns 0-0: Swinging Strike
0-1: Ball
1-1: Ball
2-1: Swinging Strike
2-2: Foul Ball, location: 2F
2-2: Strikes out looking
Batting: RHB Cipriano Baca 0-0: Reached on error, E5 (Groundball, 5S)
Dave Richards to second
Batting: RHB Dave Jackson 0-0: Foul Ball, location: 2F
0-1: Ground out 6-3 (Groundball, 6S)
Dave Richards to third
Cipriano Baca to second
Batting: RHB Chris Taylor 0-0: Foul Ball, location: 2F
0-1: Ball
1-1: Swinging Strike
1-2: Ball
2-2: Ball
3-2: Foul Ball, location: 2F
3-2: Ground out 1-3 (Groundball, 13S)
Top of the 8th over - 0 run(s), 0 hit(s), 2 error(s), 2 left on base; Cincinnati 5 - Alabama 13
BOTTOM OF THE 8TH
Alabama Crimson Tide batting - Pitching for Cincinnati Bearcats : LHP Zack Garrett
Batting: LHB Clayton Bailey 0-0: Called Strike
0-1: Ball
1-1: Swinging Strike
1-2: Strikes out swinging
Batting: RHB Paco González 0-0: Called Strike
0-1: Ball
1-1: Ball
2-1: Foul Ball, location: 2F
2-2: Ball
3-2: Foul Ball, location: 2F
3-2: Base on Balls
Batting: SHB Jorge Dávila 0-0: Ball
1-0: Ball
2-0: Fly out, F4 (Line Drive, 4M)
Batting: LHB Jorge Cuero 0-0: SINGLE (Groundball, 6MD) (infield hit)
Paco González to second
Batting: LHB Davey Davis 0-0: Ground out 4-3 (Groundball, 4)
Bottom of the 8th over - 0 run(s), 1 hit(s), 0 error(s), 2 left on base; Cincinnati 5 - Alabama 13
TOP OF THE 9TH
Cincinnati Bearcats batting - Pitching for Alabama Crimson Tide : RHP Michael Cole
Batting: SHB Tom Johnson 0-0: Called Strike
0-1: Ground out 2-3 (Groundball, 2L)
Batting: SHB Mathew Olson 0-0: Ball
1-0: Ball
2-0: Ball
3-0: Called Strike
3-1: Swinging Strike
3-2: Strikes out swinging
Batting: RHB Bill Russell 0-0: Ball
1-0: Ball
2-0: Called Strike
2-1: Ball
3-1: Ground out 4-3 (Groundball, 4)
Top of the 9th over - 0 run(s), 0 hit(s), 0 error(s), 0 left on base; Cincinnati 5 - Alabama 13
This league is powered by Out of the Park Baseball, the baseball management simulation game for PC, Mac and Linux
Tuesday, August 2nd, 2016 - OOTP Baseball 16.8 Build 38